 Dungeon Crawl Stone Soup version 0.18.1-8-gdd0e5ea (webtiles) character file.

31 Gagarin the Charmwright (level 3, -5/28 HPs)
             Began as a Merfolk Skald on June 1, 2016.
             Was an Initiate of Sif Muna.
             Slain by an adder (6 damage)
             ... on level 2 of the Dungeon.
             The game lasted 00:04:46 (1141 turns).

Gagarin the Charmwright (Merfolk Skald)             Turns: 1141, Time: 00:04:47

Health: -5/28      AC:  3    Str: 12    XL:     3   Next: 22%
Magic:  3/6        EV: 11    Int: 12    God:    Sif Muna [......]
Gold:   91         SH:  0    Dex: 13    Spells: 2 memorised, 2 levels left

rFire  . . .     SeeInvis .     a - +0 spear
rCold  . . .     Gourm    .     b - +0 leather armour
rNeg   . . .     Faith    .     (no shield)
rPois  .         Spirit   .     (no helmet)
rElec  .         Dismiss  .     (no cloak)
rCorr  .         Reflect  .     (no gloves)
SustAt .         Harm     +     (no boots)
MR     .....                    i - amulet of harm
Stlth  +.........               (no ring)
                                (no ring)

@: lethally poisoned (-5 -> -9), infused, very slightly contaminated, hasted,
very quick, not resistant to hostile enchantments, very unstealthy
A: change form in water, swift swim
a: Renounce Religion


You were on level 2 of the Dungeon.
You worshipped Sif Muna.
Sif Muna was noncommittal.
You were hungry.

You visited 1 branch of the dungeon, and saw 3 of its levels.

You collected 91 gold pieces.

Inventory:

Hand Weapons
 a - a +0 spear (weapon)
Armour
 b - a +0 leather armour (worn)
Jewellery
 i - an amulet of harm (around neck)
Scrolls
 g - 7 scrolls of identify {unknown}
 m - a scroll of recharging
Books
 c - a book of Battle

   Spells                             Type                      Level
   a - Infusion                       Charms                       1
   b - Shroud of Golubria             Charms/Translocation         2
   c - Song of Slaying                Charms                       2
   d - Spectral Weapon                Hexes/Charms                 3
   e - Regeneration                   Charms/Necromancy            3
Comestibles
 d - 3 bread rations
 f - a royal jelly
 h - a chunk of flesh
 j - a beef jerky
 k - a slice of pizza


   Skills:
 + Level 2.5 Fighting
 + Level 3.1 Polearms
 + Level 0.8 Armour
 + Level 1.3 Dodging
 + Level 2.2 Spellcasting
 + Level 4.0 Charms
 + Level 0.1 Necromancy


You had 2 spell levels left.
You knew the following spells:

 Your Spells              Type           Power        Failure   Level  Hunger
a - Infusion              Chrm           ##..         8%          1    ##.....
b - Regeneration          Chrm/Necr      #.........   45%         3    ####...


Dungeon Overview and Level Annotations

Branches:
Dungeon (3/15)

Altars:
Kikubaaqudgha
Ru
Sif Muna
Xom

Annotations:
D:3 Nanban's ghost, weakling DsWr


Message History

You barely miss the adder. The adder misses you. The adder closely misses you.
You closely miss the adder. The giant cockroach barely misses you.
The adder barely misses you.
You barely miss the adder. The adder bites you.
* * * LOW HITPOINT WARNING * * *
The giant cockroach bites you.
* * * LOW HITPOINT WARNING * * *
The adder barely misses you.
You miss the adder.
* * * LOW HITPOINT WARNING * * *
You feel sick. The adder misses you.
The giant cockroach bites you but does no damage.
The adder barely misses you.
You closely miss the adder. The adder bites you.
* * * LOW HITPOINT WARNING * * *
You barely miss the adder. The adder bites you.
* * * LOW HITPOINT WARNING * * *
The giant cockroach bites you but does no damage.
The adder bites you.
You die...

#.# ... #.#
#### #.#
####### #.#
......# #.#
......#
####.####
......#
#.......#
......#
#.##S##.#
......# #
#@s..##......#
##S.....#
#.#.#.##
.......#
###.#.....
#.##..##
#.###.# #..
... ###


You could see 2 adders and a giant cockroach (inner flame).

Vanquished Creatures
  An ooze (D:1)
  2 dart slugs (D:1)
  2 giant geckos
  An orc (D:3)
  A goblin (D:1)
  A hobgoblin (D:1)
  2 jackals (D:1)
  4 kobolds
  A quokka (D:3)
  3 bats (D:1)
  2 rats (D:1)
20 creatures vanquished.

Notes
Turn   | Place    | Note
--------------------------------------------------------------
     0 | D:1      | Gagarin the Merfolk Skald began the quest for the Orb.
     0 | D:1      | Reached XP level 1. HP: 16/16 MP: 3/3
   183 | D:1      | Reached XP level 2. HP: 23/23 MP: 5/5
   443 | D:1      | Reached skill level 4 in Charms
   476 | D:1      | Reached XP level 3. HP: 26/28 MP: 3/6
   481 | D:1      | Learned a level 3 spell: Regeneration
   581 | D:1      | Found a shimmering altar of Xom.
   976 | D:3      | Noticed a phantom
  1055 | D:3      | Found an ancient bone altar of Kikubaaqudgha.
  1055 | D:3      | Found a deep blue altar of Sif Muna.
  1059 | D:3      | Found a sacrificial altar of Ru.
  1063 | D:3      | Became a worshipper of Sif Muna the Loreminder
  1085 | D:3      | Noticed Nanban's ghost (weakling DsWr)
  1141 | D:2      | HP: 1/28 [adder (3)]
  1141 | D:2      | Slain by an adder

Skill      XL: |  1  2 |
---------------+-------+-----
Charms         | 4 |  4.0
Fighting       | |  2.5
Polearms       | |  3.1
Armour         | |  0.8
Dodging        | |  1.3
Spellcasting   | |  2.2
Necromancy     | |  0.1

Action                   || total
-------------------------++-------
Melee: Spear             ||    87
 Cast: Infusion          ||     3
       Regeneration      ||     2
  Use: Scroll            ||     3
       Potion            ||     1
 Stab: Sleeping          ||     1
  Eat: Chunk             ||     1
Armor: Leather armour    ||    24
Dodge: Dodged            ||    76
